 Dungeon Crawl Stone Soup version 0.20.1-1-g8b1a95d (webtiles) character file.

4139 theAP the Basher (level 10, -3/68 HPs)
             Began as a Gargoyle Fighter on Aug 20, 2017.
             Was an Elder of Okawaru.
             Killed by divine providence
             ... invoked by an orc priest
              (11 damage)
             ... on level 8 of the Dungeon.
             The game lasted 00:13:50 (6443 turns).

theAP the Basher (Gargoyle Fighter)                 Turns: 6443, Time: 00:13:51

Health: -3/68      AC: 21    Str: 26    XL:     10   Next: 27%
Magic:  10/10      EV:  6    Int:  8    God:    Okawaru [****..]
Gold:   413        SH:  9    Dex:  9    Spells: 9/9 levels left

rFire    + . .     SeeInvis .   G - +0 whip (freeze)
rCold    + . .     Gourm    .   c - +0 shield
rNeg     + . .     Faith    +   w - +3 chain mail {rF+}
rPois    ∞         Spirit   .   F - +0 helmet
rElec    +         Reflect  .   (no cloak)
rCorr    .         Harm     .   z - +0 pair of gloves
MR       .....                  (no boots)
Stlth    ..........             A - amulet of faith
Regen    0.3/turn               t - ring of protection from cold
MPRegen  0.2/turn               B - +2 ring of strength

@: no status effects
A: negative energy resistance 1, electricity resistance, unbreathing,
petrification resistance, rot immunity, AC +7
a: Heroism, Renounce Religion


You were on level 8 of the Dungeon.
You worshipped Okawaru.
Okawaru was greatly pleased with you.
You were hungry.

You visited 2 branches of the dungeon, and saw 9 of its levels.

You collected 413 gold pieces.

Inventory:

Hand Weapons
 G - a +0 whip of freezing (weapon)
Armour
 c - a +0 shield (worn)
 w - a +3 chain mail of fire resistance (worn)
 z - a +0 pair of gloves (worn)
 F - a +0 helmet (worn)
Jewellery
 b - an uncursed ring of wizardry {unknown}
 t - a ring of protection from cold (left hand)
 A - an amulet of faith (around neck)
 B - a +2 ring of strength (right hand)
Wands
 r - a wand of lightning (3/15)
 y - a wand of polymorph (15/24)
 H - a wand of iceblast (0/15)
Scrolls
 a - 2 scrolls of identify
 e - 2 scrolls of fog
 i - 4 scrolls of teleportation
 j - 2 scrolls of remove curse
 o - a scroll of recharging
 v - 2 scrolls of magic mapping
 x - a scroll of amnesia
Potions
 d - 3 potions of might
 k - 3 potions of brilliance
 l - 2 potions of degeneration
 q - a potion of cancellation
 u - 3 potions of lignification
 D - a potion of flight
Comestibles
 f - 6 bread rations
 n - 3 meat rations


   Skills:
 + Level 10.0 Fighting
 * Level 11.7 Maces & Flails
 - Level 3.2 Armour
 - Level 3.2 Shields


You had 9 spell levels left.
You didn't know any spells.

Dungeon Overview and Level Annotations

Branches:
Dungeon (8/15)             Temple (1/1) D:4
   Lair: D:8-11

Altars:
Ashenzari
Cheibriados
Dithmenos
Elyvilon
Fedhas
Gozag
Hepliaklqana
Kikubaaqudgha
Makhleb
Nemelex Xobeh
Okawaru
Qazlal
Ru
Sif Muna
Trog
Uskayaw
Vehumet
Xom
Yredelemnul
Zin
The Shining One


Innate Abilities, Weirdness & Mutations

You are resistant to torment.
Your stone body is resilient. (AC +7)
You are immune to poison.
You resist negative energy. (rN+)
You are resistant to electric shocks. (rElec)
You can survive without breathing.
You are immune to petrification.
You are immune to rotting.


Message History

The orc is moderately wounded.
You block the orc's attack.
Your shield and chain mail prevent you from hitting the orc.
The orc is moderately wounded.
The orc priest calls upon Beogh to heal the orc.
The orc's wounds heal themselves!
You hit the orc. You freeze the orc.
The orc is almost dead.
The orc closely misses you.
You hit the orc. You freeze the orc.
You kill the orc!
Okawaru accepts your kill.
The orc priest looks encouraged for a moment.
The orc priest invokes the aid of Beogh against you.
Beogh smites you!
* * * LOW HITPOINT WARNING * * *
The orc priest casts a cantrip, but nothing happens.
The orc priest invokes the aid of Beogh against you.
Beogh smites you!
You die...

#.##.# #.# #o##.# #.#
####.#..# #.# ####
##......## #.####...
##........#####......##
#......................
#..........####.......#
#..........# #.......#
#.....@....# #.......#
#..........# #.......#
##........## #.......#
#..........# #########
#..........#
#..........#
#.....<....#
#..........#
##........##


You could see an orc priest.

Vanquished Creatures
  2 two-headed ogres (D:8)
  Pikel (D:7)
  Joseph (D:7)
  A steam dragon (D:7)
  Menkaure (D:7)
  2 orc warriors
  A sky beast (D:5)
  2 ogres
  2 ice beasts
  A slave (D:7)
  3 centaurs
  Blork the orc (D:5)
  3 bullfrogs
  A scorpion (D:8)
  A howler monkey (D:3)
  A crimson imp (D:5)
  7 hounds
  An orc priest (D:8)
  A bullfrog skeleton (D:4)
  3 orc wizards
  An iguana (D:8)
  4 worker ants
  A killer bee zombie (D:7)
  A howler monkey zombie (D:6)
  7 adders
  A shadow imp (D:5)
  2 adder skeletons
  3 worms
  5 dart slugs
  6 leopard geckos
  10 orcs
  A ball python (D:2)
  6 giant cockroaches
  9 goblins
  11 hobgoblins
  4 jackals
  A quokka (D:4)
  7 bats
  14 frilled lizards
  9 kobolds
  2 rats (D:3)
141 creatures vanquished.

Notes
Turn   | Place    | Note
-------+----------+-------------------------------------------
     0 | D:1      | theAP the Gargoyle Fighter began the quest for the Orb.
     0 | D:1      | Reached XP level 1. HP: 14/14 MP: 1/1
    54 | D:1      | Reached XP level 2. HP: 19/20 MP: 2/2
   361 | D:1      | Reached XP level 3. HP: 24/24 MP: 3/3
   461 | D:1      | Reached skill level 3 in Maces & Flails
   911 | D:2      | Found a shadowy altar of Dithmenos.
   972 | D:2      | Reached XP level 4. HP: 29/29 MP: 4/4
  1300 | D:3      | Found a stormy altar of Qazlal.
  1341 | D:3      | Reached XP level 5. HP: 28/34 MP: 5/5
  1389 | D:3      | Reached skill level 4 in Maces & Flails
  1667 | D:3      | Reached skill level 5 in Fighting
  2214 | D:4      | Noticed an ogre
  2223 | D:4      | Killed an ogre
  2223 | D:4      | Reached skill level 5 in Maces & Flails
  2223 | D:4      | Reached XP level 6. HP: 8/40 MP: 6/6
  2536 | D:4      | Found a staircase to the Ecumenical Temple.
  2551 | Temple   | Entered the Ecumenical Temple
  2594 | Temple   | Became a worshipper of Warmaster Okawaru
  3135 | D:5      | Entered Level 5 of the Dungeon
  3278 | D:5      | Found an opulent altar of Gozag.
  3323 | D:5      | Noticed Blork the orc
  3336 | D:5      | Killed Blork the orc
  3343 | D:5      | Reached XP level 7. HP: 40/45 MP: 7/7
  3504 | D:5      | Reached skill level 6 in Maces & Flails
  3775 | D:5      | Reached * piety under Okawaru
  4089 | D:5      | Found a glowing golden altar of the Shining One.
  4349 | D:6      | Reached skill level 7 in Maces & Flails
  4401 | D:6      | HP: 2/47 [orc warrior/dire flail (1)]
  4406 | D:6      | Reached XP level 8. HP: 13/52 MP: 8/8
  5015 | D:6      | Reached ** piety under Okawaru
  5015 | D:6      | Reached skill level 8 in Maces & Flails
  5238 | D:7      | Noticed Joseph
  5281 | D:7      | Killed Joseph
  5281 | D:7      | Reached skill level 9 in Maces & Flails
  5281 | D:7      | Reached XP level 9. HP: 17/59 MP: 9/9
  5525 | D:7      | Noticed Menkaure
  5527 | D:7      | Noticed Pikel
  5531 | D:7      | Killed Menkaure
  5559 | D:7      | Killed Pikel
  5559 | D:7      | Reached *** piety under Okawaru
  5559 | D:7      | Reached skill level 10 in Maces & Flails
  5560 | D:7      | Found a burning altar of Makhleb.
  5562 | D:7      | Found a glowing silver altar of Zin.
  5572 | D:7      | Noticed a green death
  5574 | D:7      | Found a shimmering altar of Xom.
  5574 | D:7      | Found a shimmering altar of Xom.
  5574 | D:7      | Found a shimmering altar of Xom.
  5574 | D:7      | Found a shimmering altar of Xom.
  5630 | D:7      | Noticed an angel
  5780 | D:7      | Found a bloodstained altar of Trog.
  6147 | D:8      | Found a hazy altar of Hepliaklqana.
  6307 | D:8      | Noticed a two-headed ogre
  6308 | D:8      | Noticed a two-headed ogre
  6317 | D:8      | HP: 3/60 [two-headed ogre/dire flail (12)]
  6330 | D:8      | Killed a two-headed ogre
  6330 | D:8      | Reached **** piety under Okawaru
  6330 | D:8      | Reached skill level 11 in Maces & Flails
  6330 | D:8      | Reached XP level 10. HP: 8/67 MP: 10/10
  6336 | D:8      | Killed a two-headed ogre
  6336 | D:8      | Reached skill level 10 in Fighting
  6443 | D:8      | Killed from afar by an orc priest

Skill      XL: |  1  2  3  4  5  6  7  8  9 10 |
---------------+-------------------------------+-----
Fighting       | 4 5 6 8 9 10 | 10.0
Maces & Flails | 3 5 7 9 11 | 11.7
Armour         | |  3.2
Shields        | |  3.2

Action                   |  1- 3 |  4- 6 |  7- 9 | 10-12 || total
-------------------------+-------+-------+-------+-------++-------
Melee: Flail             |   130 |   266 |   240 |       ||   636
       Whip              |       |       |    91 |     5 ||    96
Evoke: Wand              |       |       |     4 |     4 ||     8
  Use: Scroll            |       |       |    20 |       ||    20
       Potion            |       |       |     5 |       ||     5
  Eat: Fruit             |       |     5 |       |       ||     5
       Chunk             |       |     4 |     8 |       ||    12
       Royal jelly       |       |       |     1 |       ||     1
Armor: Scale mail        |    65 |    12 |       |       ||    77
       Chain mail        |       |   158 |   170 |       ||   328
Dodge: Dodged            |    33 |    53 |    75 |     2 ||   163
Block: Shield            |    69 |   137 |   158 |     1 ||   365
